 Dungeon Sprint DCSS version 0.21-a0-215-g0631661 (webtiles) character file.

13000000 minicreteconcrete the Conqueror (level 27, -125/249 HPs)
             Began as a Demonspawn Fighter on Aug 22, 2017.
             Was the Champion of Makhleb.
             Annihilated by a fleshlord
             ... wielding a +9 great mace
              (227 damage)
             ... in the Dungeon (Sprint VIII: "Arena of Blood").
             The game lasted 00:06:47 (130 turns).

minicreteconcrete the Conqueror (Demonspawn Fighter) Turns: 130, Time: 00:06:47

Health: -125/249   AC: 19    Str: 23    XL:     27
Magic:  54/54      EV: 41    Int: 10    God:    Makhleb [******]
Gold:   0          SH:  0    Dex: 29    Spells: 80/80 levels left

rFire    + . .     SeeInvis +   l - +∞ Axe of Woe
rCold    + . .     Gourm    .   (shield currently unavailable)
rNeg     . . .     Faith    .   b - +0 scale mail
rPois    .         Spirit   .   (helmet unavailable)
rElec    .         Reflect  .   (no cloak)
rCorr    .         Harm     .   (no gloves)
MR       ++...     NoTele   +   (no boots)
Stlth    +++++++++.             (no amulet)
HPRegen  10.51/turn             m - ring of see invisible
MPRegen  0.34/turn              k - ring of protection from fire

@: mighty, agile, very slightly contaminated
A: horns 3, iridescent scales 3, cold resistance 1, passive freeze, powered by
death 3, powered by pain 3, freezing cloud immunity
a: Minor Destruction, Lesser Servant of Makhleb, Major Destruction, Greater
Servant of Makhleb, Renounce Religion


You were in the Dungeon.
You worshipped Makhleb.
Makhleb was exalted by your worship.
You were not hungry.

You visited 1 branch

Inventory:

Hand Weapons
 a - a +0 war axe
 l - the +∞ Axe of Woe (weapon)
   (You found it in the Dungeon)
Armour
 b - a +0 scale mail (worn)
 c - a +0 shield
Jewellery
 k - a ring of protection from fire (right hand)
 m - a ring of see invisible (left hand)
Potions
 d - a potion of might
 e - a potion of curing
 h - a potion of haste
 i - 2 potions of magic
 j - a potion of berserk rage
Comestibles
 f - a bread ration


   Skills:
 O Level 27 Fighting
 O Level 27 Axes
 O Level 27 Throwing
 O Level 27 Armour
 O Level 27 Dodging
 O Level 27 Stealth
 O Level 27 Shields
 O Level 27 Unarmed Combat
 O Level 27 Spellcasting
 O Level 27 Invocations


You had 80 spell levels left.
You didn't know any spells.

Dungeon Overview and Level Annotations

Branches:
Dungeon (1/1)

Altars:
Makhleb


Innate Abilities, Weirdness & Mutations

You have a pair of large horns on your head.
You are completely covered in iridescent scales. (AC +6)
Your flesh is cold resistant. (rC+)
A frigid envelope surrounds you and freezes all who hurt you.
You regenerate a lot of health from kills.
You are powered by pain.
You are immune to freezing clouds.


Message History

The eight-headed meat hydra convulses!
The observer convulses!
The fleshlord convulses!
The bag of meat convulses! x2
Your body is wracked with pain!
* * * LOW HITPOINT WARNING * * *
The bag of meat convulses!
Unknown command.
You slice the tyrant!!
You hew the tyrant savagely.
You destroy the tyrant!
Makhleb accepts your kill.
You feel better.
You slice the bag of meat!!
You slaughter the bag of meat joyfully.
You kill the bag of meat!
Makhleb accepts your kill.
You feel better.
You are engulfed in blazing flames.
You resist.
You hear a shout! x2
The observer gazes at you. The bolt of fire misses you.
The fleshlord hits you with a +9 great mace!!!!!
Ouch! That really hurt!
You die...

#.......D#..§§§WX..
#.WD....X.#....o...
#...)%).%....#.....
#.%%))§§oD#...o..##
#.WDD#..%.......D..
#.xo)##§%.....#.V..
#)))G.#..p..#. ....
#Wp)o..###.... . .
#.@§§.## O#.
#.§§o#.... .. .
#.§§M#.... o ...
#......... .##
#.........
#.........
#.........
#........#


You could see an accursed, 3 eight-headed meat hydras, an observer (invisible),
2 fleshlords, 3 dreads, 3 bags of meat and a crawling corpse.

Vanquished Creatures
  7 hell beasts (D)
  6 greater mummies (D)
  3 great orbs of eyes (D)
  2 wraiths (D)
  Harold (D)
  15 vampire knights (D)
  33 ogres (D)
  6 two-headed ogres (D)
  3 liches (D)
  4 hydras (D)
  105 orcs (D)
  6 phantoms (D)
  5 skeletal warriors (D)
  A sea snake (D)
  5 large abominations (D)
  5 small abominations (D)
  11 crawling corpses (D)
218 creatures vanquished.

Vanquished Creatures (others)
  2 ogres (D)
  A two-headed ogre (D)
  2 orcs (D)
  11 crawling corpses (D)
16 creatures vanquished.

Grand Total: 234 creatures vanquished

Notes
Turn   | Place    | Note
-------+----------+-------------------------------------------
     0 | D        | Found the +∞ Axe of Woe
     0 | D        | minicreteconcrete the Demonspawn Fighter began the quest for the Orb.
     0 | D        | Reached XP level 1. HP: 18/18 MP: 1/1
     2 | D        | Noticed a bag of meat
     2 | D        | Noticed a bag of meat
     2 | D        | Noticed a bag of meat
     4 | D        | Noticed a bag of meat
     5 | D        | Noticed a bag of meat
     5 | D        | Noticed a meat berserker
     6 | D        | Noticed a meat berserker
     6 | D        | Noticed a bag of meat
     7 | D        | Killed a meat berserker
     7 | D        | Reached skill level 10 in Axes
     7 | D        | Gained mutation: You are partially covered in iridescent scales. (AC +2) [demonic ancestry]
     7 | D        | Reached XP level 2. HP: 49/49 MP: 2/2
     7 | D        | Gained mutation: You are mostly covered in iridescent scales. (AC +4) [demonic ancestry]
     7 | D        | Reached XP level 3. HP: 55/55 MP: 3/3
     7 | D        | Gained mutation: You are completely covered in iridescent scales. (AC +6) [demonic ancestry]
     7 | D        | Reached XP level 4. HP: 63/63 MP: 4/4
     7 | D        | Gained mutation: You have a pair of small horns on your head. [demonic ancestry]
     7 | D        | Reached XP level 5. HP: 69/69 MP: 5/5
     7 | D        | Reached XP level 6. HP: 76/76 MP: 6/6
     7 | D        | Reached XP level 7. HP: 83/83 MP: 7/7
     7 | D        | Gained mutation: You sometimes gain a little power by taking damage. [demonic ancestry]
     7 | D        | Reached XP level 8. HP: 90/90 MP: 8/8
     7 | D        | Gained mutation: You have a pair of horns on your head. [demonic ancestry]
     7 | D        | Reached XP level 9. HP: 96/96 MP: 9/9
     7 | D        | Reached XP level 10. HP: 104/104 MP: 10/10
     7 | D        | Gained mutation: You sometimes gain power by taking damage. [demonic ancestry]
     7 | D        | Reached XP level 11. HP: 110/110 MP: 11/11
     7 | D        | Gained mutation: You are powered by pain. [demonic ancestry]
     7 | D        | Reached XP level 12. HP: 117/117 MP: 12/12
     7 | D        | Reached XP level 13. HP: 124/124 MP: 13/13
     8 | D        | Noticed a bag of meat
     8 | D        | Noticed a bag of meat
     8 | D        | Killed a bag of meat
     8 | D        | Killed a bag of meat
     8 | D        | Gained mutation: You regenerate a little health from kills. [demonic ancestry]
     8 | D        | Reached XP level 14. HP: 138/138 MP: 14/14
     8 | D        | Killed a bag of meat
     9 | D        | Killed a meat berserker
     9 | D        | Reached skill level 15 in Axes
     9 | D        | Gained mutation: You regenerate health from kills. [demonic ancestry]
     9 | D        | Reached XP level 15. HP: 151/151 MP: 15/15
    10 | D        | Noticed a meat berserker
    10 | D        | Gained mutation: You have a pair of large horns on your head. [demonic ancestry]
    10 | D        | Reached XP level 16. HP: 158/162 MP: 16/16
    11 | D        | Noticed a meat berserker
    13 | D        | Killed a meat berserker
    13 | D        | Reached skill level 27 in Fighting
    13 | D        | Gained mutation: You regenerate a lot of health from kills. [demonic ancestry]
    13 | D        | Reached XP level 17. HP: 158/174 MP: 17/17
    14 | D        | Became a worshipper of Makhleb the Destroyer
    15 | D        | Killed a meat berserker
    15 | D        | Reached skill level 27 in Armour
    15 | D        | Reached skill level 27 in Shields
    15 | D        | Reached * piety under Makhleb
    15 | D        | Reached XP level 18. HP: 181/182 MP: 18/18
    17 | D        | Noticed a meat berserker
    18 | D        | Noticed a meat berserker
    19 | D        | Reached skill level 27 in Axes
    19 | D        | Reached skill level 5 in Throwing
    19 | D        | Reached skill level 5 in Dodging
    19 | D        | Reached skill level 5 in Unarmed Combat
    19 | D        | Reached skill level 5 in Spellcasting
    19 | D        | Reached ** piety under Makhleb
    19 | D        | Reached skill level 10 in Invocations
    19 | D        | Reached skill level 10 in Stealth
    19 | D        | Reached XP level 19. HP: 189/189 MP: 18/32
    21 | D        | Noticed a destroyer
    22 | D        | Killed a meat berserker
    22 | D        | Reached skill level 10 in Throwing
    22 | D        | Reached skill level 10 in Unarmed Combat
    22 | D        | Reached skill level 10 in Spellcasting
    22 | D        | Reached *** piety under Makhleb
    22 | D        | Reached skill level 27 in Dodging
    22 | D        | Reached skill level 15 in Invocations
    22 | D        | Reached XP level 20. HP: 197/197 MP: 32/35
    23 | D        | Noticed a meat berserker
    24 | D        | Noticed a meat berserker
    24 | D        | Noticed a large bag of meat
    24 | D        | Killed a meat berserker
    24 | D        | Reached **** piety under Makhleb
    24 | D        | Reached skill level 15 in Stealth
    25 | D        | Noticed a large bag of meat
    25 | D        | Noticed a destroyer
    25 | D        | Killed a destroyer
    25 | D        | Gained mutation: Your flesh is cold resistant. (rC+) [demonic ancestry]
    25 | D        | Reached XP level 21. HP: 204/204 MP: 33/42
    27 | D        | Reached ***** piety under Makhleb
    27 | D        | Killed a destroyer
    27 | D        | Reached skill level 27 in Invocations
    27 | D        | Gained mutation: You are immune to freezing clouds. [demonic ancestry]
    27 | D        | Reached XP level 22. HP: 212/212 MP: 42/47
    29 | D        | Noticed a large bag of meat
    29 | D        | Noticed The Servant
    32 | D        | Noticed a destroyer
    32 | D        | Killed a large bag of meat
    32 | D        | Reached skill level 27 in Stealth
    32 | D        | Reached XP level 23. HP: 219/219 MP: 44/53
    32 | D        | Reached ****** piety under Makhleb
    32 | D        | Reached skill level 27 in Throwing
    33 | D        | Reached skill level 27 in Unarmed Combat
    33 | D        | Reached skill level 27 in Spellcasting
    34 | D        | Noticed a destroyer
    35 | D        | Killed The Servant
    35 | D        | Reached XP level 24. HP: 151/227 MP: 54/54
    35 | D        | Killed a large bag of meat
    35 | D        | Gained mutation: A frigid envelope surrounds you and freezes all who hurt you. [demonic ancestry]
    35 | D        | Reached XP level 25. HP: 234/234 MP: 54/54
    41 | D        | Noticed a destroyer
    49 | D        | Killed a destroyer
    50 | D        | Killed a destroyer
    50 | D        | Reached XP level 26. HP: 242/242 MP: 54/54
    51 | D        | Noticed an accursed
    55 | D        | Noticed an accursed
    55 | D        | Noticed an accursed
    56 | D        | Killed a destroyer
    56 | D        | Reached XP level 27. HP: 249/249 MP: 54/54
    58 | D        | Killed an accursed
    60 | D        | Noticed a destroyer
    61 | D        | Noticed a meat beast
    61 | D        | Killed an accursed
    63 | D        | Noticed a destroyer
    63 | D        | Killed a meat beast
    64 | D        | Noticed an accursed
    65 | D        | Killed an accursed
    66 | D        | Killed a destroyer
    68 | D        | Noticed a meat beast
    69 | D        | Noticed an accursed
    69 | D        | Noticed a meat beast
    69 | D        | Noticed a destroyer
    69 | D        | Noticed a large bag of meat
    69 | D        | Noticed a destroyer
    69 | D        | Noticed a destroyer
    70 | D        | Noticed a meat beast
    71 | D        | Killed a meat beast
    72 | D        | Noticed a dread
    72 | D        | Noticed a large bag of meat
    72 | D        | Killed a large bag of meat
    72 | D        | Killed a meat beast
    73 | D        | Noticed a destroyer
    73 | D        | Noticed a destroyer
    73 | D        | Noticed a destroyer
    74 | D        | Killed an accursed
    75 | D        | Killed a destroyer
    75 | D        | Killed a meat beast
    75 | D        | Killed a destroyer
    76 | D        | Noticed a destroyer
    77 | D        | Killed a destroyer
    77 | D        | Killed a destroyer
    77 | D        | Killed an accursed
    78 | D        | Noticed a large bag of meat
    80 | D        | HP: 4/247 [wretched soul/bolt of negative energy (30)]
    82 | D        | Killed a large bag of meat
    83 | D        | Noticed a dread
    83 | D        | Noticed a dread
    85 | D        | Noticed a meat beast
    88 | D        | Killed a destroyer
    88 | D        | Killed a meat beast
    92 | D        | Noticed a meat beast
    92 | D        | Killed a destroyer
    93 | D        | Killed a large bag of meat
    94 | D        | Killed a destroyer
    96 | D        | Noticed a tyrant
    96 | D        | Killed a dread
    97 | D        | Noticed a tyrant
    97 | D        | Killed a destroyer
    99 | D        | Killed a meat beast
   103 | D        | Killed a large bag of meat
   104 | D        | Killed a tyrant
   112 | D        | Noticed a meat beast
   112 | D        | Noticed a large bag of meat
   112 | D        | Noticed an accursed
   113 | D        | Killed a dread
   116 | D        | Noticed an accursed
   117 | D        | Killed a meat beast
   119 | D        | Noticed a dread
   119 | D        | Noticed a tyrant
   119 | D        | Killed a tyrant
   119 | D        | HP: 12/247 [observer/divine providence (15)]
   119 | D        | Noticed a destroyer
   120 | D        | HP: 2/247 [tyrant/the air (7)]
   121 | D        | Noticed a dread
   121 | D        | Killed a large bag of meat
   122 | D        | Killed a destroyer
   123 | D        | Noticed a fleshlord
   126 | D        | Killed an accursed
   127 | D        | Noticed a dread
   130 | D        | Killed a tyrant
   130 | D        | Annihilated by a fleshlord

Vault maps used:
D:        meatsprint

Skill      XL: |  1  2  3  4  5  6  7  8  9 10 11 12 13 14 15 16 17 18 19 20 21 22 23 |
---------------+----------------------------------------------------------------------+-----
Fighting       | 18 21 23 25 27 | 27.0
Axes           | 10 12 15 17 19 25 27 | 27.0
Armour         | 16 19 21 23 25 27 | 27.0
Shields        | 16 19 21 22 24 27 | 27.0
Throwing       | 9 11 17 21 26 27 | 27.0
Dodging        | 9 27 | 27.0
Stealth        | 10 12 18 22 27 | 27.0
Unarmed Combat | 9 11 17 21 26 27 | 27.0
Spellcasting   | 9 11 17 21 26 27 | 27.0
Invocations    | 13 15 22 27 | 27.0

Action                   |  1- 3 |  4- 6 |  7- 9 | 10-12 | 13-15 | 16-18 | 19-21 | 22-24 | 25-27 || total
-------------------------+-------+-------+-------+-------+-------+-------+-------+-------+-------++-------
Melee: Executioner's axe |     1 |       |       |       |     3 |     3 |     4 |     4 |    60 ||    75
Invok: Major Destruction |       |       |       |       |       |       |       |       |     3 ||     3
  Use: Scroll            |       |       |       |       |       |       |       |       |     1 ||     1
       Potion            |       |       |       |       |       |       |       |       |     1 ||     1
Armor: Scale mail        |       |       |       |       |       |     1 |     1 |       |     3 ||     5
Dodge: Dodged            |       |       |       |       |       |       |     1 |       |    33 ||    34

Table legend:
 A = Spawn XP
 B = Non-spawn XP
 C = Spawn XP percentage of total XP
 D = Spawn monster count
 E = Non-spawn monster count
 F = Spawn count percentage of total count
 G = Total turns spent on level
                    A         B        C        D         E        F      G
               +---------+---------+-------+---------+---------+-------+---------
         Total |       0 | 5352317 |   0.0 |       0 |     207 |   0.0 |   130
               +---------+---------+-------+---------+---------+-------+---------
             D |       0 | 5352317 |   0.0 |       0 |     207 |   0.0 |   130
               +---------+---------+-------+---------+---------+-------+---------
